 Dungeon Crawl Stone Soup version 0.28-a0-1234-g826d19b2e0 (webtiles) character file.

Game seed: 8126004683141405412

170487 freelancePsychic the Archer (level 17, -11/140 HPs)
             Began as a Gnoll Wanderer on Dec 23, 2021.
             Was the Champion of Cheibriados.
             Killed by divine providence
             ... invoked by a deep elf high priest
              (15 damage)
             ... on level 3 of the Elven Halls.
             The game lasted 01:31:27 (39071 turns).

freelancePsychic the Archer (Gnoll Wanderer)       Turns: 39071, Time: 01:31:28

Health: -11/140    AC: 37    Str: 34    XL:     17   Next: 99%
Magic:  33/33      EV: 15    Int: 41    God:    Cheibriados [******]
Gold:   2503       SH: 17    Dex: 26    Spells: 21/40 levels left

rFire   + + +      SeeInvis .   b - +4 dagger "Morg" {pain, Will+ Int+5}
rCold   + . .      Faith    +   Y - +2 kite shield {reflect}
rNeg    + . .      Spirit   .   L - +6 gold dragon scales
rPois   +          Reflect  +   Z - +2 hat
rElec   .          Harm     .   o - +2 cloak
rCorr   .          Rampage  .   i - +0 pair of gloves
Will    ++++.      NoTele   +   X - +0 pair of boots
Stlth   ..........              y - amulet "Nuebial" {Faith -Tele rF++ Will++}
HPRegen 0.33/turn               B - ring "Turafo" {*Slow rN+ AC+4 Int+8}
MPRegen 0.23/turn               T - +4 ring of slaying

@: silenced (expiring), wereblooded, slowed, studying Maces & Flails, very slow
A: fangs 1, strong nose, distributed training, sense surroundings 1
a: Renounce Religion


You were on level 3 of the Elven Halls.
You worshipped Cheibriados.
Cheibriados was exalted by your worship.
You visited 5 branches of the dungeon, and saw 27 of its levels.
You also visited: Bailey and Gauntlet.

You collected 3011 gold pieces.
You spent 508 gold pieces at shops.

Inventory:

Hand Weapons
 a - a +6 eveningstar of draining
 b - the +4 dagger "Morg" (weapon) {pain, Will+ Int+5}
   (You found it on level 6 of the Lair of Beasts)

   In the hands of one skilled in necromantic magic, it inflicts extra damage on
   living creatures.
   Int:       It affects your intelligence (+5).
   Will:      It increases your willpower.
Missiles
 g - 3 boomerangs of dispersal
 j - 52 poisoned darts
 r - 74 boomerangs (quivered)
 C - 5 throwing nets
 H - 2 silver boomerangs
 M - 6 curare-tipped darts
 O - 10 javelins
 V - 5 silver javelins
Armour
 i - a +0 pair of gloves (worn)
 o - a +2 cloak (worn)
 L - +6 gold dragon scales (worn)
 X - a +0 pair of boots (worn)
 Y - a +2 kite shield of reflection (worn)
 Z - a +2 hat (worn)
Jewellery
 q - the ring "Bidd" {rElec rF+ rC+ rCorr}
   (You found it on level 2 of the Elven Halls)

   [ring of resist corrosion]

   rF:        It protects you from fire.
   rC:        It protects you from cold.
   rElec:     It insulates you from electricity.
   rCorr:     It protects you from acid and corrosion.
 y - the amulet "Nuebial" (around neck) {Faith -Tele rF++ Will++}
   (You found it on level 5 of the Dungeon)

   [amulet of faith]

   It allows you to gain divine favour quickly.
   rF:        It greatly protects you from fire.
   -Tele:     It prevents most forms of teleportation.
   Will:      It greatly increases your willpower.
 z - a ring of see invisible
 B - the ring "Turafo" (left hand) {*Slow rN+ AC+4 Int+8}
   (You took it off an orc on level 5 of the Dungeon)

   [ring of protection]

   AC:        It affects your AC (+4).
   Int:       It affects your intelligence (+8).
   rN:        It protects you from negative energy.
   *Slow:     It may slow you when you take damage.
 D - a +4 ring of evasion
 R - a +6 ring of intelligence
 T - a +4 ring of slaying (right hand)
Wands
 k - a wand of flame (63)
 n - a wand of digging (15)
 t - a wand of mindburst (10)
 G - a wand of iceblast (19)
 P - a wand of charming (13)
 Q - a wand of paralysis (16)
Scrolls
 c - 3 scrolls of fog
 e - 2 scrolls of brand weapon
 f - 7 scrolls of amnesia
 p - 3 scrolls of fear
 u - 15 scrolls of teleportation {@r4}
 v - a scroll of summoning
 w - a scroll of magic mapping
 E - a scroll of identify {@r1}
 F - 2 scrolls of silence
 U - 4 scrolls of holy word
 W - 4 scrolls of blinking
Potions
 d - 2 potions of brilliance
 h - 3 potions of invisibility
 l - a potion of curing {@q1}
 m - 8 potions of flight
 s - 9 potions of mutation
 x - 11 potions of ambrosia
 A - 2 potions of lignification
 I - 2 potions of might
 J - 4 potions of magic
 K - 4 potions of cancellation {unknown}
 N - 3 potions of resistance {unknown}
 S - 3 potions of attraction {unknown}


   Skills:
 + Level 14.5 Fighting
 + Level 12.0 Short Blades
 + Level 12.0 Long Blades
 + Level 12.0 Axes
 + Level 14.0 Maces & Flails
 + Level 12.0 Polearms
 + Level 12.0 Staves
 + Level 12.0 Slings
 + Level 14.5 Bows
 + Level 12.0 Crossbows
 + Level 12.3 Throwing
 + Level 12.0 Armour
 + Level 12.0 Dodging
 + Level 12.0 Stealth
 + Level 12.0 Shields
 + Level 12.0 Unarmed Combat
 + Level 12.0 Spellcasting
 + Level 10.2 Conjurations
 + Level 10.2 Hexes
 + Level 10.2 Summonings
 + Level 10.2 Necromancy
 + Level 10.2 Translocations
 + Level 10.2 Transmutations
 + Level 10.2 Fire Magic
 + Level 10.2 Ice Magic
 + Level 10.2 Air Magic
 + Level 10.2 Earth Magic
 + Level 10.2 Poison Magic
 + Level 13.3 Invocations
 + Level 12.0 Evocations


You had 21 spell levels left.
You knew the following spells:

 Your Spells              Type           Power      Damage    Failure   Level
a - Wereblood             Tmut           83%        N/A       1%          2
b - Mephitic Cloud        Conj/Pois/Air  83%        N/A       1%          3
c - Iskenderun's Mystic   Conj/Tloc      83%        2d16      4%          4
d - Freezing Cloud        Conj/Ice/Air   41%        6-21      12%         5
f - Silence               Hex/Air        41%        N/A       12%         5

Your spell library contained the following spells:

 Spells                   Type           Power      Damage    Failure   Level
 Beastly Appendage        Tmut           100%       N/A       1%          1
 Foxfire                  Conj/Fire      100%       2x1d9     1%          1
 Magic Dart               Conj           100%       1d8       1%          1
 Shock                    Conj/Air       100%       1d9       1%          1
 Slow                     Hex            100%       N/A       1%          1
 Blink                    Tloc           100%       N/A       1%          2
 Call Imp                 Summ           83%        N/A       1%          2
 Confusing Touch          Hex            83%        N/A       1%          3
 Conjure Flame            Conj/Fire      83%        6-21      1%          3
 Dazzling Flash           Conj/Hex       100%       N/A       1%          3
 Ignite Poison            Fire/Tmut/Pois 83%        N/A       1%          3
 Inner Flame              Hex/Fire       83%        N/A       1%          3
 Lesser Beckoning         Tloc           83%        N/A       1%          3
 Ozocubu's Armour         Ice            83%        N/A       1%          3
 Spider Form              Tmut/Pois      83%        N/A       1%          3
 Swiftness                Air            83%        N/A       1%          3
 Airstrike                Air            41%        N/A       4%          4
 Animate Dead             Necr           41%        N/A       4%          4
 Flame Wave               Conj/Fire      83%        2d12      4%          4
 Sticky Flame             Conj/Fire      83%        2d9       4%          4
 Agony                    Necr           83%        N/A       12%         5
 Manifold Assault         Tloc           83%        N/A       12%         5
 Metabolic Englaciation   Hex/Ice        41%        N/A       12%         5
 Yara's Violent Unravell  Hex/Tmut       41%        3d16      12%         5
 Simulacrum               Ice/Necr       41%        N/A       54%         6
 Starburst                Conj/Fire      41%        6d12      54%         6
 Haunt                    Necr/Summ      41%        N/A       98%         7
 Infestation              Necr           41%        N/A       100%        8
 Polar Vortex             Ice            41%        N/A       100%        9


Dungeon Overview and Level Annotations

Branches:
Dungeon (15/15)            Temple (1/1) D:6            Lair (6/6) D:8
  Swamp (0/4) Lair:3        Snake (0/4) Lair:4        Slime (0/5) Lair:5
    Orc (2/2) D:11            Elf (3/3) Orc:2        Vaults (0/5) D:14
 Depths (0/4) D:15         Bailey (visited)         Gauntlet (visited)

Altars:
Ashenzari
Cheibriados
Dithmenos
Fedhas
Gozag
Hepliaklqana
Kikubaaqudgha
Makhleb
Nemelex Xobeh
Okawaru
Trog
Wu Jian
Xom
Yredelemnul
The Shining One
Beogh

Shops:
D:14 :   Orc:2 (=[[   Elf:1 [([   Elf:2 (

Annotations:
D:3 exclusion: oklob plant
D:6 1 runed translucent door, Crazy Yiuf
D:11 exclusion: orange crystal statue
D:14 Roxanne
D:15 1 runed translucent door, Egithrirag's ghost, journeyman HOFi
Orc:2 3 runed translucent doors, BlueFish's ghost, journeyman MiFi
Elf:2 3 runed translucent doors


Innate Abilities, Weirdness & Mutations

You have very sharp teeth.
Your uncanny sense of smell can sniff out nearby items.
Your experience applies equally to all skills.
You passively map a small area around you.


Message History

Something smites you!
* * * LOW HITPOINT WARNING * * *
The deep elf sorcerer closely misses you.
The +6 vorpal scimitar closely misses you.
You block the deep elf elementalist's attack.
The deep elf high priest hits you but does no damage.
The deep elf sorcerer hits you with a +0 rapier.
* * * LOW HITPOINT WARNING * * *
The deep elf elementalist hits you with a +0 dagger.
* * * LOW HITPOINT WARNING * * *
The +6 vorpal scimitar closely misses you.
You block the deep elf high priest's attack.
You see here a +0 short sword.
You block the deep elf elementalist's attack.
The +6 vorpal scimitar misses you.
You block the +6 vorpal scimitar's attack.
The +6 vorpal scimitar hits you but does no damage.
The deep elf elementalist hits you but does no damage.
The deep elf sorcerer closely misses you.
You block the +6 vorpal scimitar's attack.
A deep elf master archer comes into view.
The deep elf sorcerer hits you but does no damage.
The deep elf sorcerer seems less brilliant.
The deep elf elementalist gestures at you while chanting.
Some walls begin to move on their own!
The +6 vorpal scimitar misses you.
The deep elf sorcerer barely misses you.
The deep elf elementalist points next to you and mumbles some strange words.
Some walls begin to move on their own!
The +6 vorpal scimitar hits you.
* * * LOW HITPOINT WARNING * * *
x2 The deep elf sorcerer is empowered by the deep elf high priest's aura!
The deep elf elementalist barely misses you.
The +6 vorpal scimitar hits you!
* * * LOW HITPOINT WARNING * * *
x2 You block the deep elf sorcerer's attack.
The deep elf elementalist hits you but does no damage.
The +6 vorpal scimitar hits you but does no damage.
The deep elf sorcerer hits you but does no damage.
The deep elf high priest mumbles some strange prayers to its god against you.
Something smites you!
You die...

* * , , ### .##
..### , , ...##
....##
....##....#
.###*...#...E##
,....###.E.....#
,
........eeE...#
,
.......ee@).#.##
.
.......e(#..#..#
.
####...)#.)##.#
. , ##...##).#.#
. , #..).#..#.#
. , #.e..#....#
# , #....##...#
* ......#...# ,
.......#)..#


You could see a deep elf master archer (wandering), 2 deep elf sorcerers, a deep
elf elementalist (fast, empowered, repels missiles), 2 deep elf high priests, 3
earth elementals and a +6 vorpal scimitar.

Vanquished Creatures
  The ghost of agentgt the Covert, an adept HuVM of Kikubaaqudgha (Elf:2)
  Rupert (D:15)
  A deep elf blademaster (Elf:3)
  Gastronok (Orc:1)
  Agnes (Elf:1)
  Kirke (D:15)
  Donald (Elf:1)
  5 deep elf sorcerers (Elf:3)
  2 deep elf elementalists (Elf:3)
  2 deep elf annihilators (Elf:3)
  5 deep elf demonologists (Elf:3)
  A dire elephant (D:15)
  A minotaur (Gauntlet)
  Snorg (D:11)
  4 deep elf death magi
  Fannar (Orc:1)
  A great orb of eyes (D:15)
  3 deep elf high priests (Elf:3)
  3 ogre magi (D:15)
  6 boulder beetles
  14 hydras
  4 vault guards (Elf:3)
  Erica (D:8)
  A centaur warrior (D:12)
  13 two-headed ogres
  A tengu warrior (D:14)
  18 dancing weapons
  2 orc high priests
  Urug (Lair:5)
  11 deep elf knights
  Nergalle (Lair:4)
  A sixfirhy (Gauntlet)
  18 deep elf archers
  Pikel (Temple)
  A harpy (shapeshifter) (Elf:2)
  5 orc knights
  24 deep elf zephyrmancers
  8 cyclopes
  38 deep elf pyromancers
  A moth of wrath (shapeshifter) (D:13)
  A shining eye (shapeshifter) (Elf:2)
  3 manticores
  A faun (shapeshifter) (Elf:2)
  2 moths of wrath (Elf:2)
  2 ugly things
  6 elephants
  6 black mambas
  An eye of devastation (Gauntlet)
  A black mamba (shapeshifter) (D:14)
  A guardian serpent (shapeshifter) (Elf:2)
  Psyche (D:11)
  An unseen horror (shapeshifter) (Elf:2)
  12 cane toads
  Maggie (D:5)
  A gargoyle (D:12)
  A kobold demonologist (D:13)
  A freezing wraith (D:12)
  9 komodo dragons
  4 tengu conjurers
  5 rime drakes
  4 trolls
  A queen bee (Orc:1)
  A troll (shapeshifter) (Elf:2)
  5 polar bears
  Grinder (D:6)
  6 hornets
  11 blink frogs
  12 slime creatures
  A dream sheep (shapeshifter) (Elf:2)
  2 tyrant leeches
  A dream sheep (Lair:6)
  A tarantella (shapeshifter) (D:13)
  2 air elementals (Elf:1)
  A wraith (D:11)
  12 spriggans (Lair:6)
  A water elemental (Elf:3)
  A vampire (D:14)
  39 yaks
  3 shadows
  Eustachio (D:5)
  2 wyverns
  A basilisk (Lair:4)
  5 fire elementals
  A golden eye (Gauntlet)
  A neqoxec (D:11)
  7 hogs (D:15)
  A steam dragon (D:9)
  5 vampire mosquitoes
  6 swamp worms
  4 wargs
  2 acid dragons
  Edmund (D:6)
  12 water moccasins
  Duvessa (D:5)
  A floating eye (Gauntlet)
  A floating eye (shapeshifter) (Elf:2)
  36 orc warriors
  An ice beast (shapeshifter) (Elf:2)
  A sky beast (D:5)
  3 ice beasts
  5 black bears
  13 ogres
  5 boggarts (Lair:6)
  A tengu (shapeshifter) (Elf:2)
  A boggart (shapeshifter) (Elf:1)
  27 wolves (Lair:6)
  21 centaurs
  A lemure (D:6)
  A phantom (D:4)
  4 kobold brigands
  Blork the orc (D:6)
  10 bullfrogs
  2 earth elementals
  A scorpion (D:5)
  A wyvern zombie (D:6)
  A water moccasin zombie (D:6)
  A water moccasin skeleton (D:5)
  Dowan (D:5)
  35 killer bees
  3 wights (D:9)
  2 vampire bats (D:3)
  An electric eel (Lair:5)
  4 howler monkeys
  3 centaur zombies
  2 hounds
  5 jellies (Lair:5)
  A bullfrog skeleton (D:6)
  11 orc priests
  2 gnoll shamans (D:8)
  A centaur skeleton (D:7)
  Jessica (D:3)
  5 orc wizards
  3 iguanas
  A killer bee zombie (D:6)
  A hound zombie (D:5)
  A hound skeleton (D:4)
  9 adders
  28 gnolls
  A howler monkey skeleton (D:5)
  3 white imps
  3 ufetubi (Gauntlet)
  A dart slug (D:4)
  4 worms
  44 orcs
  9 endoplasms
  2 giant cockroaches (D:1)
  14 goblins
  16 hobgoblins
  5 jackals
  A quokka (D:5)
  8 ball pythons
  9 bats
  3 frilled lizards
  22 kobolds
  3 rats (D:1)
828 creatures vanquished.

Vanquished Creatures (collateral kills)
  The ghost of Adrian566 the Basher, a journeyman TrFi of Xom (D:11)
  2 neqoxecs (D:11)
  3 quasits (D:11)
6 creatures vanquished.

Vanquished Creatures (others)
  2 deep elf knights
  A deep elf pyromancer (Elf:2)
  A kobold demonologist (D:13)
  A water elemental (Elf:1)
  An orc warrior (Orc:2)
  An orc wizard (D:11)
  An orc (Orc:2)
  84 fungi
  83 plants
  16 toadstools (D:3)
191 creatures vanquished.

Grand Total: 1025 creatures vanquished

Notes
Turn   | Place    | Note
-------+----------+-------------------------------------------
     0 | D:1      | freelancePsychic the Gnoll Wanderer began the quest for the
                  | Orb.
     0 | D:1      | freelancePsychic set off with the following items: a +3
                  | shortbow, 30 arrows, a scroll of fog, a +0 leather armour
     0 | D:1      | Reached XP level 1. HP: 26/26 MP: 2/2
   137 | D:1      | Reached XP level 2. HP: 32/33 MP: 3/3
  1102 | D:1      | Reached XP level 3. HP: 37/38 MP: 4/4
  1911 | D:2      | Reached skill level 1 in Short Blades
  1911 | D:2      | Reached skill level 1 in Long Blades
  1911 | D:2      | Reached skill level 1 in Axes
  1911 | D:2      | Reached skill level 1 in Maces & Flails
  1911 | D:2      | Reached skill level 1 in Polearms
  1911 | D:2      | Reached skill level 1 in Staves
  1911 | D:2      | Reached skill level 1 in Slings
  1911 | D:2      | Reached skill level 1 in Crossbows
  1911 | D:2      | Reached skill level 1 in Armour
  1911 | D:2      | Reached skill level 1 in Dodging
  1911 | D:2      | Reached skill level 1 in Stealth
  1911 | D:2      | Reached skill level 1 in Shields
  1911 | D:2      | Reached skill level 1 in Unarmed Combat
  1911 | D:2      | Reached skill level 1 in Spellcasting
  1911 | D:2      | Reached skill level 1 in Evocations
  2160 | D:2      | Found a faded altar of an unknown god.
  2248 | D:2      | Reached XP level 4. HP: 45/45 MP: 6/6
  2734 | D:3      | Reached skill level 1 in Conjurations
  2734 | D:3      | Reached skill level 1 in Hexes
  2734 | D:3      | Reached skill level 1 in Summonings
  2734 | D:3      | Reached skill level 1 in Necromancy
  2734 | D:3      | Reached skill level 1 in Translocations
  2734 | D:3      | Reached skill level 1 in Transmutations
  2734 | D:3      | Reached skill level 1 in Fire Magic
  2734 | D:3      | Reached skill level 1 in Ice Magic
  2734 | D:3      | Reached skill level 1 in Air Magic
  2734 | D:3      | Reached skill level 1 in Earth Magic
  2734 | D:3      | Reached skill level 1 in Poison Magic
  2744 | D:3      | Reached XP level 5. HP: 50/51 MP: 7/7
  3055 | D:3      | Found a shimmering altar of Xom.
  3085 | D:3      | Reached XP level 6. HP: 57/57 MP: 8/8
  3201 | D:3      | Found a blossoming altar of Fedhas.
  3254 | D:3      | Noticed an oklob plant
  3318 | D:3      | Noticed Jessica
  3319 | D:3      | Killed Jessica
  3886 | D:4      | Reached XP level 7. HP: 6/63 MP: 10/10
  4190 | D:4      | Learned a level 2 spell: Wereblood
  4194 | D:4      | Learned a level 3 spell: Mephitic Cloud
  4234 | D:4      | Found a broken altar of Ashenzari.
  4679 | D:5      | Entered Level 5 of the Dungeon
  4859 | D:5      | Reached XP level 8. HP: 60/71 MP: 12/12
  4879 | D:5      | Noticed Dowan
  4893 | D:5      | Noticed Duvessa
  4898 | D:5      | Killed Duvessa
  4902 | D:5      | Killed Dowan
  5024 | D:5      | Identified the amulet "Nuebial" {Faith -Tele rF++ Will++}
  5353 | D:5      | Identified the ring "Turafo" {*Slow rN+ AC+4 Int+8}
  5763 | D:5      | Noticed Eustachio
  5800 | D:5      | Killed Eustachio
  5983 | D:5      | You fall into a shaft and drop 3 floors!
  6105 | D:8      | Reached skill level 5 in Invocations
  6105 | D:8      | Reached XP level 9. HP: 77/77 MP: 14/14
  6677 | D:7      | Found an ancient bone altar of Kikubaaqudgha.
  6810 | D:6      | Noticed Edmund
  7251 | D:6      | Reached skill level 5 in Throwing
  7416 | D:6      | Killed Edmund
  7477 | D:6      | Noticed Grinder
  7479 | D:6      | Noticed Maggie
  7711 | D:5      | Killed Maggie
  7794 | D:6      | Killed Grinder
  7854 | D:6      | Found a staircase to the Ecumenical Temple.
  7880 | Temple   | Entered the Ecumenical Temple
  8124 | Temple   | Became a worshipper of Cheibriados the Contemplative
  8237 | D:6      | Noticed Pikel
  8268 | Temple   | Killed Pikel
  8269 | Temple   | Reached XP level 10. HP: 51/85 MP: 13/17
  8492 | D:6      | Found a runed translucent door.
  8493 | D:6      | Noticed Crazy Yiuf
  8529 | D:6      | Reached skill level 5 in Short Blades
  8529 | D:6      | Reached skill level 5 in Long Blades
  8529 | D:6      | Reached skill level 5 in Axes
  8529 | D:6      | Reached skill level 5 in Maces & Flails
  8529 | D:6      | Reached skill level 5 in Polearms
  8529 | D:6      | Reached skill level 5 in Staves
  8529 | D:6      | Reached skill level 5 in Slings
  8529 | D:6      | Reached skill level 5 in Crossbows
  8529 | D:6      | Reached skill level 5 in Armour
  8529 | D:6      | Reached skill level 5 in Dodging
  8529 | D:6      | Reached skill level 5 in Stealth
  8529 | D:6      | Reached skill level 5 in Shields
  8529 | D:6      | Reached skill level 5 in Unarmed Combat
  8529 | D:6      | Reached skill level 5 in Spellcasting
  8529 | D:6      | Reached skill level 5 in Evocations
  8551 | D:6      | Learned a level 4 spell: Iskenderun's Mystic Blast
  8751 | D:6      | Noticed Blork the orc
  8769 | D:6      | Killed Blork the orc
  9064 | D:7      | Reached skill level 10 in Fighting
  9064 | D:7      | Reached skill level 10 in Bows
  9224 | D:7      | Found an ornate altar of the Wu Jian Council.
  9362 | D:8      | Reached * piety under Cheibriados
  9498 | D:8      | Found a staircase to the Lair.
  9558 | D:8      | Noticed Erica
  9569 | D:8      | Killed Erica
  9888 | D:8      | Found a burning altar of Makhleb.
 10143 | D:8      | Reached ** piety under Cheibriados
 10738 | D:9      | Found a sparkling altar of Nemelex Xobeh.
 11455 | D:10     | Entered Level 10 of the Dungeon
 11480 | D:10     | Found a flagged portal.
 11489 | D:10     | Reached *** piety under Cheibriados
 11495 | Bailey   | Entered a bailey
 11717 | Bailey   | Noticed an orc knight
 11729 | Bailey   | Reached XP level 11. HP: 92/92 MP: 19/19
 11788 | Bailey   | Reached **** piety under Cheibriados
 11850 | Bailey   | Killed an orc knight
 12331 | D:10     | Reached skill level 5 in Conjurations
 12331 | D:10     | Reached skill level 5 in Hexes
 12331 | D:10     | Reached skill level 5 in Summonings
 12331 | D:10     | Reached skill level 5 in Necromancy
 12331 | D:10     | Reached skill level 5 in Translocations
 12331 | D:10     | Reached skill level 5 in Transmutations
 12331 | D:10     | Reached skill level 5 in Fire Magic
 12331 | D:10     | Reached skill level 5 in Ice Magic
 12331 | D:10     | Reached skill level 5 in Air Magic
 12331 | D:10     | Reached skill level 5 in Earth Magic
 12331 | D:10     | Reached skill level 5 in Poison Magic
 12607 | D:10     | Noticed a two-headed ogre
 12622 | D:10     | Killed a two-headed ogre
 12951 | D:10     | Found an iron altar of Okawaru.
 12951 | D:10     | Found a glowing golden altar of the Shining One.
 12959 | D:10     | Found an opulent altar of Gozag.
 12961 | D:10     | Found a shadowy altar of Dithmenos.
 12963 | D:10     | Found a faded altar of an unknown god.
 13491 | D:10     | Acquired a +3 longbow of flaming
 13551 | D:11     | Noticed an orange crystal statue
 13770 | D:11     | Reached ***** piety under Cheibriados
 13842 | D:11     | Found a transporter.
 13847 | D:11     | Noticed Adrian566's ghost (journeyman TrFi)
 13855 | D:11     | Found a staircase to the Orcish Mines.
 13886 | D:11     | Noticed a manticore
 13892 | D:11     | Killed a manticore
 14196 | D:11     | Noticed Snorg
 14196 | D:11     | Noticed Psyche
 14207 | D:11     | Killed Snorg
 14211 | D:11     | Killed Psyche
 14558 | D:11     | Found a transporter.
 15267 | Lair:1   | Entered Level 1 of the Lair of Beasts
 15273 | Lair:1   | Reached XP level 12. HP: 99/99 MP: 22/22
 16811 | Lair:2   | Noticed an eight-headed hydra
 16820 | Lair:2   | Killed a six-headed hydra
 17415 | Lair:2   | Found a shimmering altar of Xom.
 17489 | Lair:2   | Learned a level 5 spell: Freezing Cloud
 17812 | Lair:3   | Noticed a six-headed hydra
 17821 | Lair:3   | Killed a three-headed hydra
 18482 | Lair:3   | Noticed an eight-headed hydra
 18491 | Lair:3   | Killed a seven-headed hydra
 19094 | Lair:3   | Noticed a five-headed hydra
 19101 | Lair:3   | Killed a four-headed hydra
 19121 | Lair:3   | Noticed an eight-headed hydra
 19127 | Lair:3   | Killed a six-headed hydra
 19405 | Lair:3   | Found a staircase to the Swamp.
 19469 | Lair:4   | Reached XP level 13. HP: 106/106 MP: 18/24
 19871 | Lair:4   | Noticed Nergalle
 19994 | Lair:4   | Killed Nergalle
 20075 | Lair:4   | Found a staircase to the Snake Pit.
 20391 | Lair:4   | Reached ****** piety under Cheibriados
 21059 | Lair:5   | Found a gate leading to a gauntlet.
 21068 | Gauntlet | Entered a Gauntlet
 21068 | Gauntlet | Found a transporter.
 21068 | Gauntlet | Found a transporter.
 21068 | Gauntlet | Found a transporter.
 21069 | Gauntlet | Found a transporter.
 21072 | Gauntlet | Found a transporter.
 21082 | Gauntlet | Found a transporter.
 21086 | Gauntlet | Found a transporter.
 21096 | Gauntlet | Found a transporter.
 21101 | Gauntlet | Found a transporter.
 21122 | Gauntlet | Found a transporter.
 21124 | Gauntlet | Found a transporter.
 21134 | Gauntlet | Found a transporter.
 21598 | Gauntlet | Identified the +0 pair of gloves of Anaesthesia {Rampage
                  | Int+2 Stlth+}
 21939 | Gauntlet | Identified the +5 trident of Rakaot {distort, Fly rF- Str+5
                  | Stlth+}
 21939 | Gauntlet | Noticed a minotaur
 21959 | Gauntlet | Killed a minotaur
 22318 | Lair:5   | Noticed Urug
 22325 | Lair:5   | Killed Urug
 22370 | Lair:5   | Found a staircase to the Slime Pits.
 23028 | Lair:6   | Entered Level 6 of the Lair of Beasts
 23800 | Lair:6   | Reached skill level 10 in Invocations
 23809 | Lair:6   | Reached XP level 14. HP: 115/115 MP: 7/26
 24877 | Lair:6   | Found the +4 dagger "Morg" {pain, Will+ Int+5}
 25636 | Orc:1    | Entered Level 1 of the Orcish Mines
 25651 | Orc:1    | Noticed Fannar
 25664 | Orc:1    | Killed Fannar
 26050 | Orc:1    | Noticed Gastronok
 26060 | Orc:1    | Killed Gastronok
 26145 | Orc:1    | Found a bloodstained altar of Trog.
 26397 | Orc:2    | Entered Level 2 of the Orcish Mines
 26788 | Orc:2    | Found Feetes's Jewellery Emporium.
 26788 | Orc:2    | Found Oromey's Armour Shop.
 26791 | Orc:2    | Found Zyeturr's Armour Boutique.
 26795 | Orc:2    | Found Fimuisuh's Weapon Shoppe.
 26811 | Orc:2    | Bought a +2 kite shield of reflection for 277 gold pieces
 26917 | Orc:2    | Reached skill level 10 in Throwing
 27397 | Orc:2    | Found a runed translucent gate.
 27405 | Orc:2    | Found a runed translucent gate.
 27405 | Orc:2    | Noticed BlueFish's ghost (journeyman MiFi)
 27407 | Orc:2    | Found a runed translucent gate.
 27410 | Orc:2    | Found a staircase to the Elven Halls.
 27628 | D:11     | Killed Adrian566's ghost
 27825 | D:12     | Reached XP level 15. HP: 96/122 MP: 21/28
 28232 | D:12     | Reached skill level 10 in Maces & Flails
 28849 | D:13     | Reached skill level 10 in Short Blades
 28849 | D:13     | Reached skill level 10 in Long Blades
 28849 | D:13     | Reached skill level 10 in Axes
 28849 | D:13     | Reached skill level 10 in Polearms
 28849 | D:13     | Reached skill level 10 in Staves
 28849 | D:13     | Reached skill level 10 in Slings
 28849 | D:13     | Reached skill level 10 in Crossbows
 28849 | D:13     | Reached skill level 10 in Armour
 28849 | D:13     | Reached skill level 10 in Dodging
 28849 | D:13     | Reached skill level 10 in Stealth
 28849 | D:13     | Reached skill level 10 in Shields
 28849 | D:13     | Reached skill level 10 in Unarmed Combat
 28849 | D:13     | Reached skill level 10 in Spellcasting
 28849 | D:13     | Reached skill level 10 in Evocations
 29823 | D:14     | Found a gate to the Vaults.
 30065 | D:14     | Noticed Roxanne
 30349 | D:14     | Found Dozxusm's Book Emporium.
 30545 | D:15     | Entered Level 15 of the Dungeon
 30968 | D:15     | Noticed Kirke
 31011 | D:15     | Killed Kirke
 31569 | D:15     | Noticed Rupert
 31580 | D:15     | Killed Rupert
 31581 | D:15     | Reached XP level 16. HP: 131/131 MP: 25/30
 31981 | D:15     | Found a runed translucent door.
 31981 | D:15     | Found a shimmering altar of Xom.
 31981 | D:15     | Noticed Egithrirag's ghost (journeyman HOFi)
 32067 | D:15     | Found a staircase to the Depths.
 32194 | D:15     | Learned a level 5 spell: Silence
 32349 | Elf:1    | Entered Level 1 of the Elven Halls
 33142 | Elf:1    | Noticed Donald
 33155 | Elf:1    | Killed Donald
 33704 | Elf:1    | Found Meuqat's Armour Shop.
 33705 | Elf:1    | Noticed Agnes
 33715 | Elf:1    | Killed Agnes
 33760 | Elf:1    | Found Renkatzo's Antique Weapon Boutique.
 33761 | Elf:1    | Found Totwifuo's Armour Shop.
 33871 | Elf:1    | Bought a +2 cloak for 231 gold pieces
 34261 | Elf:1    | Paralysed by an air elemental for 1 turns
 34267 | Elf:1    | Paralysed by an air elemental for 1 turns
 34269 | Elf:1    | Paralysed by an air elemental for 1 turns
 35260 | Elf:2    | Found a magical portal.
 35928 | Elf:2    | Found a transporter.
 35932 | Elf:2    | Noticed agentgt's ghost (adept HuVM)
 35946 | Elf:2    | Reached XP level 17. HP: 135/138 MP: 32/32
 35975 | Elf:2    | Found a transporter.
 36048 | Elf:2    | Gained mutation: You passively map a small area around you.
                  | [a shining eye]
 36071 | Elf:2    | Killed agentgt's ghost
 36074 | Elf:2    | Identified the ring "Bidd" {rElec rF+ rC+ rCorr}
 36158 | Elf:2    | Identified the +2 cloak "Jetyecw" {*Corrode Fly Int+4}
 36168 | Elf:2    | Identified the +1 great sword of Trauma {freeze, rPois
                  | Str+2}
 36419 | Elf:2    | Found a runed translucent gate.
 36420 | Elf:2    | Found a runed translucent gate.
 36420 | Elf:2    | Found a runed translucent gate.
 36457 | Elf:2    | Found Ublowk's Antique Weapon Boutique.
 36785 | Elf:3    | Entered Level 3 of the Elven Halls
 37078 | Elf:3    | HP: 3/139 [vault guard (21)]
 38220 | Elf:3    | Reached skill level 10 in Conjurations
 38220 | Elf:3    | Reached skill level 10 in Hexes
 38220 | Elf:3    | Reached skill level 10 in Summonings
 38220 | Elf:3    | Reached skill level 10 in Necromancy
 38220 | Elf:3    | Reached skill level 10 in Translocations
 38220 | Elf:3    | Reached skill level 10 in Transmutations
 38220 | Elf:3    | Reached skill level 10 in Fire Magic
 38220 | Elf:3    | Reached skill level 10 in Ice Magic
 38220 | Elf:3    | Reached skill level 10 in Air Magic
 38220 | Elf:3    | Reached skill level 10 in Earth Magic
 38220 | Elf:3    | Reached skill level 10 in Poison Magic
 38443 | Elf:3    | Noticed an Ice Fiend
 39044 | Elf:3    | Noticed a deep elf blademaster
 39068 | Elf:3    | Killed a deep elf blademaster
 39070 | Elf:3    | Noticed a deep elf master archer
 39071 | Elf:3    | HP: 7/140 [+6 vorpal scimitar (10)]
 39071 | Elf:3    | Killed from afar by a deep elf high priest

Illustrated notes

Levels and vault maps discovered:
D:1:      amcnicky_arrival_underground_garden, layout_basic,
          wad_floor_pattern_untrapped, nicolae_concentric_dashed_squares_mild,
          hex_intersection
D:2:      layout_basic, hellmonk_ecumenical_altar_crossroads
D:3:      layout_loops_corners, mainiacjoe_overflow_tiny_flanked, tgw_fedhas,
          roderic_batcave, feat_on_display, uniq_jessica
D:4:      layout_rooms, amcnicky_altar_gilded
D:5:      layout_basic, uniq_eustachio, uniq_duvessa
D:6:      layout_basic, minmay_temple_entry_large_hall, uniq_crazy_yiuf_cottage,
          uniq_blork_the_orc, uniq_edmund, uniq_pikel, uniq_maggie, uniq_grinder
D:7:      layout_loops_ring, old_standard_altar,
          nicolae_wu_jian_immortal_techniques
D:8:      layout_basic, old_standard_altar, dpeg_oklobed_lair, uniq_erica
D:9:      layout_loops_corners, mainiacjoe_overflow_alcove_2, evilmike_butchery
D:10:     layout_gridville, chequers_temple_overflow_minitemple, enter_bailey_3,
          kennysheep_generic_room_2
D:11:     layout_long_grid, orc_0_dummy, gammafunk_ghost_stat_death,
          minivault_16, minmay_fractal_squares_diagonal_5, uniq_psyche,
          uniq_snorg
D:12:     layout_basic, grunt_ministairs_1
D:13:     minmay_inner_zag, layout_irregular_city
D:14:     layout_basic, david_vaults_1, minmay_misc_feat_tower,
          nicolae_take_the_stairs, uniq_roxanne
D:15:     hangedman_depths_entry_try_elsewhere_first, layout_cave_pods,
          ebering_ghost_xom, minivault_27, chequers_serial_rivers_micro_a,
          uniq_rupert, uniq_kirke
Temple:   minmay_temple_curvy_loop
Lair:1:   layout_cave_pods, grunt_forest_stairs_basic
Lair:2:   layout_big_grid, basic_altar
Lair:3:   layout_hall_layers, palyth_hydra_swamp_entry, grunt_megastairs_2
Lair:4:   layout_big_grid, dummy_snake_entry, beast_lair_carwin_8,
          grunt_megastairs_4, infiniplex_staircase_pool, uniq_nergalle
Lair:5:   layout_regular_city, nicolae_slime_entry_slimehenge,
          gauntlet_entry_generic, serial_bayou_ford_a, serial_bayou_shore_a,
          infiniplex_staircase_pool_2, serial_bayou_shore_b, uniq_urug
Lair:6:   minmay_lair_end_enchanted_forest, layout_regular_city,
          grunt_megastairs_1
Orc:1:    nicolae_orc_accident_1, layout_caves, special_room [special_room_bee],
          david_defended_altar_orc, uniq_fannar, uniq_gastronok
Orc:2:    st_orc_rangers, layout_caves, ebering_ghost_rock_garden, basic_altar
Elf:1:    elf_arrival_002, layout_onion_city, minivault_28, minmay_shop_star,
          lemuel_upstairs_altar, uniq_donald, uniq_agnes
Elf:2:    nicolae_elf_blades_crystal_corner, layout_geoelf_diagonals,
          gammafunk_ghost_berserking_beasts, serial_glass, glass_columns_b,
          glass_columns_b, serial_shops, nicolae_shop_stone,
          lightli_enter_wizlab_magi_temple
Elf:3:    minmay_elf_hall_curves, layout_geoelf_castle, serial_sigils,
          serial_sigils_hangedman_scratch, serial_sigils_hangedman_quiver,
          serial_sigils_hangedman_gut, serial_sigils_hangedman_snap,
          nicolae_elf_vaults_five_recruitment_drive

Skill      XL: |  1  2  3  4  5  6  7  8  9 10 11 12 13 14 15 16 17 |
---------------+----------------------------------------------------+-----
Short Blades   | 1 2 3 4 5 6 7 8 9 10 11 12 | 12.0
Long Blades    | 1 2 3 4 5 6 7 8 9 10 11 12 | 12.0
Axes           | 1 2 3 4 5 6 7 8 9 10 11 12 | 12.0
Maces & Flails | 1 2 3 4 5 6 7 8 9 11 12 14 | 14.0
Polearms       | 1 2 3 4 5 6 7 8 9 10 11 12 | 12.0
Staves         | 1 2 3 4 5 6 7 8 9 10 11 12 | 12.0
Slings         | 1 2 3 4 5 6 7 8 9 10 11 12 | 12.0
Crossbows      | 1 2 3 4 5 6 7 8 9 10 11 12 | 12.0
Armour         | 1 2 3 4 5 6 7 8 9 10 11 12 | 12.0
Dodging        | 1 2 3 4 5 6 7 8 9 10 11 12 | 12.0
Stealth        | 1 2 3 4 5 6 7 8 9 10 11 12 | 12.0
Shields        | 1 2 3 4 5 6 7 8 9 10 11 12 | 12.0
Unarmed Combat | 1 2 3 4 5 6 7 8 9 10 11 12 | 12.0
Spellcasting   | 1 2 3 4 5 6 7 8 9 10 11 12 | 12.0
Evocations     | 1 2 3 4 5 6 7 8 9 10 11 12 | 12.0
Conjurations   | 1 2 3 4 5 6 7 8 9 10 | 10.2
Hexes          | 1 2 3 4 5 6 7 8 9 10 | 10.2
Summonings     | 1 2 3 4 5 6 7 8 9 10 | 10.2
Necromancy     | 1 2 3 4 5 6 7 8 9 10 | 10.2
Translocations | 1 2 3 4 5 6 7 8 9 10 | 10.2
Transmutations | 1 2 3 4 5 6 7 8 9 10 | 10.2
Fire Magic     | 1 2 3 4 5 6 7 8 9 10 | 10.2
Ice Magic      | 1 2 3 4 5 6 7 8 9 10 | 10.2
Air Magic      | 1 2 3 4 5 6 7 8 9 10 | 10.2
Earth Magic    | 1 2 3 4 5 6 7 8 9 10 | 10.2
Poison Magic   | 1 2 3 4 5 6 7 8 9 10 | 10.2
Invocations    | 3 4 5 6 8 9 10 11 12 13 | 13.3
Throwing       | 3 4 5 6 7 8 9 10 11 12 | 12.3
Fighting       | 9 10 11 12 13 14 | 14.5
Bows           | 9 10 11 12 13 14 | 14.5

Action                   |  1- 3 |  4- 6 |  7- 9 | 10-12 | 13-15 | 16-18 || total
-------------------------+-------+-------+-------+-------+-------+-------++-------
Melee: Mace              |    72 |    40 |    43 |     3 |       |       ||   158
       Bite              |     5 |     5 |     8 |    38 |   183 |   159 ||   398
       Punch             |       |       |     1 |     7 |    29 |       ||    37
       Scimitar          |       |       |       |   222 |   157 |       ||   379
       Halberd           |       |       |       |     9 |       |       ||     9
       Dagger            |       |       |       |       |   569 |   635 ||  1204
       Eveningstar       |       |       |       |       |    86 |    96 ||   182
 Fire: Shortbow          |    13 |    71 |   259 |   171 |       |       ||   514
       Longbow           |       |       |       |   132 |     4 |       ||   136
Throw: Dart              |     9 |       |    34 |    22 |       |       ||    65
       Boomerang         |       |       |       |    64 |   146 |    61 ||   271
       Javelin           |       |       |       |       |       |     3 ||     3
 Cast: Mephitic Cloud    |       |       |     1 |       |    10 |     1 ||    12
       Freezing Cloud    |       |       |       |     7 |    53 |     4 ||    64
       Wereblood         |       |       |       |     3 |    28 |    28 ||    59
       Silence           |       |       |       |       |       |    33 ||    33
Invok: Bend Time         |       |       |       |     8 |     3 |       ||    11
       Slouch            |       |       |       |     1 |     4 |     4 ||     9
Evoke: Wand              |       |     1 |     7 |     5 |     3 |       ||    16
  Use: Scroll            |       |     7 |     3 |     9 |    19 |     3 ||    41
       Potion            |       |       |     1 |       |     2 |    13 ||    16
 Stab: Sleeping          |       |       |       |     2 |     1 |       ||     3
       Confused          |       |       |       |       |    10 |     2 ||    12
Armor: Leather armour    |    17 |    28 |    23 |       |       |       ||    68
       Swamp dragon scal |       |       |    43 |    35 |    48 |       ||   126
       Chain mail        |       |       |    10 |       |       |       ||    10
       Gold dragon scale |       |       |       |   315 |   427 |   392 ||  1134
Dodge: Dodged            |    41 |    57 |   136 |   220 |   513 |   224 ||  1191
Block: Kite shield       |       |       |       |       |   319 |   468 ||   787
       Reflection        |       |       |       |       |    31 |    29 ||    60

Table legend: (Time is in decaauts)
 A = Elapsed time spent in this place.
 B = Non-inter-level travel time spent in this place.
 C = Inter-level travel time spent in this place.
 D = Time resting spent in this place.
 E = Time spent auto-exploring this place.
 F = Levels seen in this place.
 G = Mean time per level.
                   A        B        C        D        E       F      G
               +--------+--------+--------+--------+--------+-----+--------+
         Total |  50933 |  48536 |   2397 |   3452 |  37520 |  29 | 1756.3 |
       Dungeon |  23686 |  22424 |   1262 |    643 |  18931 |  15 | 1579.1 |
        Temple |    495 |    431 |     64 |    171 |    227 |   1 |  495.0 |
          Lair |  12931 |  12276 |    655 |    116 |  10615 |   6 | 2155.2 |
  Orcish Mines |   2818 |   2589 |    229 |    243 |   1776 |   2 | 1409.0 |
   Elven Halls |   8580 |   8395 |    185 |   1618 |   4766 |   3 | 2860.0 |
        Bailey |    874 |    874 |      0 |      0 |    693 |   1 |  874.0 |
      Gauntlet |   1547 |   1547 |      0 |    661 |    510 |   1 | 1547.0 |
               +--------+--------+--------+--------+--------+-----+--------+

Top non-repeatable levels by time:
   Elf:1: 3660 daAuts
  Lair:6: 3239 daAuts
   Elf:3: 2807 daAuts
  Lair:3: 2762 daAuts
    D:11: 2569 daAuts
    D:15: 2344 daAuts
  Lair:4: 2125 daAuts
   Elf:2: 2112 daAuts
    D:14: 2039 daAuts
  Lair:1: 2036 daAuts
    D:10: 1789 daAuts
     D:5: 1737 daAuts
     D:8: 1637 daAuts
  Lair:5: 1615 daAuts
     D:9: 1569 daAuts
